 Dungeon Crawl Stone Soup version 0.21-a0-536-gdbbf329 (webtiles) character file.

7632 Firecrotchwizard the Spear-Bearer (level 10, 0/77 HPs)
             Began as a Demonspawn Gladiator on Dec 15, 2017.
             Was a Believer of Qazlal.
             Slain by a yak (7 damage)
             ... on level 10 of the Dungeon.
             The game lasted 00:24:39 (9147 turns).

Firecrotchwizard the Spear-Bearer (DsGl)            Turns: 9147, Time: 00:24:39

Health: 0/77       AC: 17    Str: 14    XL:     10   Next: 98%
Magic:  0/16       EV: 13    Int: 10    God:    Qazlal [**....]
Gold:   753        SH:  3    Dex: 29    Spells: 9/9 levels left

rFire    . . .     SeeInvis .   y - +1 halberd
rCold    + . .     Gourm    .   (shield currently unavailable)
rNeg     . . .     Faith    .   h - +0 chain mail
rPois    .         Spirit   +   I - +2 helmet
rElec    +         Reflect  .   c - +0 cloak
rCorr    .         Harm     .   q - +0 pair of gloves
MR       .....                  (no boots)
Stlth    ..........             P - amulet of Ganotaatag {Spirit rElec rC+ Dex+4}
HPRegen  0.22/turn              T - +2 ring of dexterity
MPRegen  0.30/turn              (no ring)

@: agile
A: talons 1, icy blue scales 1, demonic guardian 1, magic shield, magic
regeneration
a: Upheaval, Renounce Religion


You were on level 10 of the Dungeon.
You worshipped Qazlal.
Qazlal was pleased with you.
You were not hungry.

You visited 1 branch of the dungeon, and saw 10 of its levels.

You collected 753 gold pieces.

Inventory:

Hand Weapons
 a - a +1 trident
 y - a +1 halberd (weapon)
   (You took it off a gnoll on level 4 of the Dungeon)
 z - a +2 dagger of venom
   (You took it off an orc on level 8 of the Dungeon)
 C - a +2 dagger of freezing
   (You took it off a wight on level 8 of the Dungeon)
Missiles
 d - 5 throwing nets {=f, !d}
 k - 91 sling bullets
Armour
 c - a +0 cloak (worn)
   (You found it on level 9 of the Dungeon)
 h - a +0 chain mail (worn)
   (You found it on level 3 of the Dungeon)
 q - a +0 pair of gloves (worn)
   (You found it on level 2 of the Dungeon)
 I - a +2 helmet (worn)
   (You found it on level 8 of the Dungeon)
Jewellery
 x - an uncursed ring of ice {rC+, rF-}
   (You found it on level 5 of the Dungeon)
 E - an uncursed amulet of magic regeneration
   (You took it off a wight on level 8 of the Dungeon)
 P - the amulet of Ganotaatag (around neck) {Spirit rElec rC+ Dex+4}
   (You found it on level 9 of the Dungeon)

   [amulet of guardian spirit]

   It causes incoming damage to be split between your health and magic.
   It affects your dexterity (+4).
   It protects you from cold.
   It insulates you from electricity.
 T - a +2 ring of dexterity (left hand)
   (You took it off a crimson imp on level 10 of the Dungeon)
Wands
 l - a wand of disintegration (8)
   (You took it off a goblin on level 3 of the Dungeon)
 r - a wand of flame (25)
   (You found it on level 2 of the Dungeon)
 B - a wand of paralysis (9)
   (You took it off Ijyb on level 5 of the Dungeon)
 D - a wand of digging (6)
   (You found it on level 6 of the Dungeon)
 H - a wand of enslavement (17)
   (You found it on level 8 of the Dungeon)
 J - a wand of polymorph (15)
   (You found it on level 8 of the Dungeon)
 K - a wand of random effects (32)
   (You found it on level 9 of the Dungeon)
 L - a wand of acid (16)
   (You found it on level 9 of the Dungeon)
Scrolls
 e - a scroll of identify
 i - a scroll of amnesia {unknown}
 s - 5 scrolls of remove curse
 F - a scroll of fog {unknown}
 G - a scroll of holy word {unknown}
 O - 2 scrolls of teleportation
 R - a scroll of vulnerability {unknown}
Potions
 b - 2 potions of haste {unknown}
 g - 2 potions of lignification {unknown}
 m - a potion of heal wounds {unknown}
 n - a potion of mutation {unknown}
 o - 2 potions of might {unknown}
 t - a potion of brilliance {unknown}
 u - 2 potions of degeneration {unknown}
 v - 4 potions of agility
 A - 3 potions of ambrosia {unknown}
Books
 M - a book of Flames
   (You found it on level 9 of the Dungeon)
 S - a book of Battle
   (You found it on level 10 of the Dungeon)
Comestibles
 f - 7 bread rations {@e1}
 j - 13 royal jellies
 w - 5 meat rations {@e2}
 N - 7 fruits


   Skills:
 + Level 6.8 Fighting
 * Level 11.7 Polearms
 - Level 1.7 Throwing
 + Level 5.8 Armour
 - Level 2.6 Dodging
 + Level 8.4 Invocations


You had 9 spell levels left.
You didn't know any spells.

Dungeon Overview and Level Annotations

Branches:
Dungeon (10/15)            Temple (0/1) D:6            Lair (0/6) D:10
    Orc (0/2) D:9

Altars:
Ashenzari
Cheibriados
Dithmenos
Okawaru
Qazlal
The Shining One

Shops:
D:6 :   D:7 %

Annotations:
D:9 1 runed door


Innate Abilities, Weirdness & Mutations

You have sharp toenails.
You are partially covered in icy blue scales. (AC +2)
A weak demonic guardian rushes to your aid.
When hurt, damage is shared between your health and your magic reserves.
You regenerate magic rapidly.


Message History

The yak closely misses you.
Your ufetubus closely misses the wraith.
Your ufetubus barely misses the wraith.
The yak gores you but does no damage. The wraith closely misses you.
The yak gores you but does no damage.
Your ufetubus hits the wraith but does no damage. x2
You hit the yak but do no damage. You claw the yak, but do no damage.
Your ufetubus barely misses the wraith.
Your ufetubus hits the wraith but does no damage.
The yak misses you. The wraith hits you but does no damage.
The yak completely misses you.
Your ufetubus hits the wraith but does no damage. x2
You hit the wraith but do no damage. You claw the wraith, but do no damage.
Your ufetubus misses the wraith.
Your ufetubus hits the wraith but does no damage.
The yak closely misses you. The wraith barely misses you.
The yak barely misses you.
Your ufetubus barely misses the wraith.
Your ufetubus hits the wraith but does no damage.
The wraith hits you but does no damage. The yak gores you but does no damage.
The yak closely misses you.
You barely miss the yak. You claw the yak, but do no damage.
Your ufetubus misses the wraith.
Your ufetubus hits the wraith but does no damage.
You block the yak's attack. The wraith hits you but does no damage.
Your ufetubus barely misses the wraith. x2; The yak gores you!
* * * LOW HITPOINT WARNING * * *
You take 8 damage, and have 15/77 hp.
You now have 5/16 mp.
You closely miss the yak. You claw the yak.
Your ufetubus barely misses the wraith.
Your ufetubus hits the wraith but does no damage.
The yak gores you but does no damage. The wraith hits you but does no damage.
The yak gores you.
* * * LOW HITPOINT WARNING * * *
Your ufetubus barely misses the wraith.
Your ufetubus hits the wraith. The yak misses you. The wraith misses you.
The yak barely misses you.
You take 4 damage, and have 11/77 hp.
You barely miss the yak. Your kick misses the yak.
You feel yourself speed up.
Your ufetubus hits the wraith but does no damage. x2
Your ufetubus barely misses the wraith.
Your ufetubus hits the wraith but does no damage.
The yak completely misses you. The wraith barely misses you. The yak gores you!
* * * LOW HITPOINT WARNING * * *
You take 4 damage, and have 7/77 hp.
You now have 3/16 mp.
You slash the yak!
Your ufetubus hits the wraith but does no damage.
Your ufetubus barely misses the wraith.
The yak completely misses you. The wraith closely misses you.
The yak closely misses you.
Your ufetubus barely misses the wraith.
Your ufetubus closely misses the wraith.
You hit the yak but do no damage. You claw the yak.
Your ufetubus barely misses the wraith.
Your ufetubus closely misses the wraith.
The yak gores you but does no damage. The wraith hits you but does no damage.
The yak gores you but does no damage.
You puncture the yak! Your kick misses the yak.
Your ufetubus hits the wraith but does no damage.
Your ufetubus barely misses the wraith.
The yak gores you.
* * * LOW HITPOINT WARNING * * *
You block the wraith's attack. The yak gores you but does no damage.
Your ufetubus closely misses the wraith. x2
You take 2 damage, and have 5/77 hp.
You now have 3/16 mp.
You hit the yak. You claw the yak, but do no damage.
Your ufetubus barely misses the wraith.
Your ufetubus misses the wraith. The wraith misses you.
The yak closely misses you. The yak gores you but does no damage.
You slice the yak!!
You kill the yak!
Qazlal accepts your kill.
Your ufetubus hits the wraith but does no damage. x2
You block the wraith's attack. The yak gores you.
You now have 2/16 mp.
You hit the yak. You claw the yak, but do no damage.
Your ufetubus hits the wraith but does no damage.
Your ufetubus barely misses the wraith.
Your ufetubus hits the wraith but does no damage.
Your ufetubus hits the wraith.
Your ufetubus barely misses the wraith.
Your ufetubus hits the wraith but does no damage.
The wraith hits your ufetubus.
You hit the yak. You claw the yak, but do no damage.
Your ufetubus hits the wraith.
Your ufetubus hits the wraith but does no damage.
You block the yak's attack.
Your ufetubus barely misses the wraith.
Your ufetubus closely misses the wraith.
The wraith barely misses you.
Your ufetubus hits the wraith. x2
You barely miss the yak. You claw the yak.
Your ufetubus barely misses the wraith.
Your ufetubus hits the wraith but does no damage.
You block the yak's attack.
Your ufetubus hits the wraith.
Your ufetubus hits the wraith but does no damage.
The wraith misses your ufetubus.
Your ufetubus barely misses the wraith.
Your ufetubus hits the wraith. You closely miss the wraith.
Your ufetubus barely misses the wraith.
Your ufetubus hits the wraith but does no damage.
The yak gores you.
Your ufetubus closely misses the wraith.
Your ufetubus barely misses the wraith.
You barely miss the yak. Your kick misses the yak.
Your ufetubus barely misses the wraith.
Your ufetubus hits the wraith. The wraith hits you but does no damage.
The yak gores you!
You die...

#####........P.)PPP......
#...##....P.PPPP.....
#...##...P.....P..#..
#...#.P.)...P.PPP....
#...#..PP.####.P.P...
#...#.P...'..#..P....
#.....P...#)>#P..P...
#######..55.....####P.P....
.........W@..P....P......##
........##Y#P......PP...###
........##.#.P.P.P.P....# #
........##.##...PPP)...##
........##.##....P.........
........##.##...........>..
........##.##..............
........##.##..............
...........####............


You could see a yak, a wraith and 2 friendly ufetubi.

Vanquished Creatures
  A two-headed ogre (D:10)
  An unseen horror (D:10)
  2 hornets
  A hippogriff (D:10)
  10 yaks
  A hungry ghost (D:9)
  2 soldier ants (D:9)
  A porcupine (D:10)
  3 sky beasts
  An orc warrior (D:10)
  An ice beast (D:9)
  2 black bears
  A phantom (D:10)
  5 ogres
  A centaur (D:8)
  5 bullfrogs (D:10)
  Blork the orc (D:5)
  3 scorpions
  3 wights (D:8)
  A bullfrog zombie (D:10)
  7 crimson imps
  3 orc priests
  4 bullfrog skeletons
  6 hounds
  3 orc wizards
  A centaur skeleton (D:9)
  Ijyb (D:5)
  A gnoll shaman (D:4)
  4 iguanas
  8 worker ants
  A hound skeleton (D:8)
  A howler monkey zombie (D:2)
  A worker ant zombie (D:7)
  12 gnolls
  11 adders
  2 shadow imps
  3 oozes (D:1)
  3 adder skeletons
  4 worms
  3 dart slugs
  7 leopard geckos
  18 orcs
  7 giant cockroaches
  8 goblins
  3 hobgoblins
  15 jackals
  5 quokkas
  A ball python (D:3)
  A ball python skeleton (D:4)
  6 bats
  3 frilled lizards
  A giant cockroach zombie (D:5)
  7 kobolds
  A quokka skeleton (D:9)
  8 rats
216 creatures vanquished.

Vanquished Creatures (collateral kills)
  A two-headed ogre (D:9)
  A yak (D:9)
  Edmund (D:5)
  A centaur (D:10)
  A scorpion (D:6)
  A wight (D:8)
  An orc priest (D:6)
  2 orc wizards (D:3)
  A shadow imp (D:8)
  A leopard gecko (D:10)
  3 orcs
  A quokka (D:8)
  A bat (D:3)
  A quokka zombie (D:5)
17 creatures vanquished.

Vanquished Creatures (others)
  5 fungi (D:10)
  3 plants (D:10)
8 creatures vanquished.

Grand Total: 241 creatures vanquished

Notes
Turn   | Place    | Note
-------+----------+-------------------------------------------
     0 | D:1      | Firecrotchwizard the Demonspawn Gladiator began the quest for the Orb.
     0 | D:1      | Reached XP level 1. HP: 16/16 MP: 1/1
    36 | D:1      | Reached skill level 3 in Polearms
    54 | D:1      | Gained mutation: A weak demonic guardian rushes to your aid. [demonic ancestry]
    54 | D:1      | Reached XP level 2. HP: 21/22 MP: 2/2
   284 | D:1      | Gained mutation: You have sharp toenails. [demonic ancestry]
   284 | D:1      | Reached XP level 3. HP: 27/27 MP: 3/3
   488 | D:1      | Reached skill level 4 in Polearms
   948 | D:2      | Gained mutation: When hurt, damage is shared between your health and your magic reserves. [demonic ancestry]
   948 | D:2      | Reached XP level 4. HP: 28/33 MP: 4/4
  1063 | D:2      | Reached skill level 5 in Polearms
  1335 | D:3      | Gained mutation: You regenerate magic rapidly. [demonic ancestry]
  1335 | D:3      | Reached XP level 5. HP: 35/38 MP: 5/5
  1954 | D:3      | Reached skill level 6 in Polearms
  1957 | D:3      | Reached XP level 6. HP: 30/44 MP: 4/6
  2843 | D:4      | Reached skill level 7 in Polearms
  3283 | D:5      | Entered Level 5 of the Dungeon
  3283 | D:5      | Noticed Blork the orc
  3288 | D:5      | Killed Blork the orc
  3289 | D:5      | Reached XP level 7. HP: 47/50 MP: 7/7
  3576 | D:5      | Noticed Ijyb
  3585 | D:5      | Paralysed by Ijyb for 5 turns
  3595 | D:5      | Paralysed by Ijyb for 4 turns
  3601 | D:5      | Killed Ijyb
  3693 | D:5      | Found a stormy altar of Qazlal.
  3694 | D:5      | Found an iron altar of Okawaru.
  3696 | D:5      | Found a snail-covered altar of Cheibriados.
  3700 | D:5      | Became a worshipper of Qazlal Stormbringer
  3710 | D:5      | Reached skill level 8 in Polearms
  4013 | D:5      | Noticed Edmund
  4022 | D:5      | Killed Edmund
  4465 | D:6      | Found a shadowy altar of Dithmenos.
  4504 | D:6      | Found a staircase to the Ecumenical Temple.
  4532 | D:6      | Got a steaming robe
  4623 | D:6      | Reached skill level 1 in Invocations
  4647 | D:6      | Found Unleqaox's Book Emporium.
  4718 | D:6      | Gained mutation: You are partially covered in icy blue scales. (AC +2) [demonic ancestry]
  4718 | D:6      | Reached XP level 8. HP: 37/57 MP: 5/9
  4722 | D:6      | Reached skill level 1 in Armour
  4903 | D:6      | Found a glowing golden altar of the Shining One.
  4939 | D:6      | Reached skill level 2 in Invocations
  5191 | D:7      | Reached skill level 9 in Polearms
  5201 | D:7      | Reached skill level 3 in Fighting
  5244 | D:7      | Reached * piety under Qazlal
  5261 | D:7      | Reached skill level 2 in Armour
  5261 | D:7      | Reached skill level 3 in Invocations
  5562 | D:7      | Found Kuofanicau's Food Shop.
  6217 | D:8      | Noticed a hornet
  6222 | D:8      | Killed a hornet
  6222 | D:8      | Reached skill level 4 in Invocations
  6235 | D:8      | Reached skill level 4 in Fighting
  6242 | D:8      | Reached XP level 9. HP: 32/65 MP: 12/12
  6423 | D:8      | Reached skill level 3 in Armour
  6530 | D:8      | Reached ** piety under Qazlal
  6802 | D:9      | Reached skill level 5 in Invocations
  6869 | D:9      | Reached skill level 10 in Polearms
  6889 | D:9      | HP: 12/66 [yak (8)]
  6901 | D:9      | Reached skill level 5 in Fighting
  6901 | D:9      | Reached skill level 4 in Armour
  6906 | D:9      | Reached skill level 6 in Invocations
  7132 | D:9      | Found a staircase to the Orcish Mines.
  7161 | D:9      | Found a shattered altar of Ashenzari.
  7171 | D:9      | Noticed a two-headed ogre
  7180 | D:9      | Killed a two-headed ogre
  7180 | D:9      | Reached XP level 10. HP: 52/74 MP: 9/14
  7376 | D:9      | Found a runed door.
  7765 | D:9      | Paralysed by a hornet for 2 turns
  7770 | D:9      | Paralysed by a hornet for 1 turns
  8172 | D:9      | Got a coiled zirconium amulet
  8173 | D:9      | Identified the amulet of Ganotaatag {Spirit rElec rC+ Dex+4} (You found it on level 9 of the Dungeon)
  8182 | D:9      | Reached skill level 7 in Invocations
  8334 | D:10     | Entered Level 10 of the Dungeon
  8337 | D:10     | Reached skill level 11 in Polearms
  8373 | D:10     | Reached skill level 6 in Fighting
  8373 | D:10     | Reached skill level 5 in Armour
  8750 | D:10     | Reached *** piety under Qazlal
  8802 | D:10     | Found a staircase to the Lair.
  8839 | D:10     | Noticed a two-headed ogre
  8853 | D:10     | Killed a two-headed ogre
  9096 | D:10     | Killed an unseen horror
  9096 | D:10     | Reached skill level 8 in Invocations
  9130 | D:10     | HP: 18/77 [wraith (6)]
  9135 | D:10     | HP: 15/77 [yak (8)]
  9137 | D:10     | HP: 7/77 [yak (5)]
  9147 | D:10     | Slain by a yak

Vault maps used:
D:1:      minmay_arrival_split_and_join, st_stairs_3, bh_walls_and_bars
D:4:      first_bread
D:5:      grunt_temple_overflow_open, kennysheep_generic_room_7, uniq_ijyb,
          uniq_blork_the_orc, uniq_edmund
D:6:      marbit_many_paths, nicolae_dithmenos_through_a_glass_darkly,
          minmay_temple_entry_glassed_door, serial_shops, shop_coins
D:7:      serial_shops, shop
D:9:      ashenzari_altar_1, orc_0_dummy, hangedman_pestilent_swarm, wad_hexagon
D:10:     grunt_lair_entry_orc_guard_hut

Skill      XL: |  1  2  3  4  5  6  7  8  9 10 |
---------------+-------------------------------+-----
Polearms       | 3 4 5 6 7 8 9 10 11 | 11.7
Invocations    | 1 4 6 8 |  8.4
Armour         | 2 4 5 |  5.8
Fighting       | 4 5 6 |  6.8
Throwing       | |  1.7
Dodging        | |  2.6

Action                   |  1- 3 |  4- 6 |  7- 9 | 10-12 || total
-------------------------+-------+-------+-------+-------++-------
Melee: Trident           |   115 |   120 |   209 |       ||   444
       Kick              |     3 |    47 |    87 |    76 ||   213
       Short sword       |       |    84 |    36 |       ||   120
       Halberd           |       |       |   115 |   199 ||   314
Invok: Upheaval          |       |       |       |     2 ||     2
  Use: Potion            |     1 |       |     3 |     2 ||     6
       Scroll            |       |     6 |     4 |     3 ||    13
 Stab: Sleeping          |     1 |       |       |       ||     1
       Distracted        |       |       |     3 |     3 ||     6
  Eat: Chunk             |       |     8 |    13 |     6 ||    27
       Fruit             |       |       |     2 |       ||     2
Armor: Leather armour    |    20 |       |       |       ||    20
       Ring mail         |    15 |    29 |    12 |       ||    56
       Chain mail        |       |    54 |   138 |    92 ||   284
Dodge: Dodged            |    68 |    92 |    81 |    67 ||   308
Block: Other             |       |       |     7 |    25 ||    32

Table legend:
 A = Spawn XP
 B = Non-spawn XP
 C = Spawn XP percentage of total XP
 D = Spawn monster count
 E = Non-spawn monster count
 F = Spawn count percentage of total count
 G = Total turns spent on level
                    A         B        C        D         E        F      G
               +---------+---------+-------+---------+---------+-------+---------
         Total |       0 |   10904 |   0.0 |       0 |     233 |   0.0 |  9147
               +---------+---------+-------+---------+---------+-------+---------
           D:1 |       0 |      52 |   0.0 |       0 |      20 |   0.0 |   673
           D:2 |       0 |     124 |   0.0 |       0 |      24 |   0.0 |   650
           D:3 |       0 |     330 |   0.0 |       0 |      45 |   0.0 |  1149
           D:4 |       0 |     150 |   0.0 |       0 |      15 |   0.0 |   819
           D:5 |       0 |     563 |   0.0 |       0 |      19 |   0.0 |  1207
           D:6 |       0 |     558 |   0.0 |       0 |      15 |   0.0 |   741
           D:7 |       0 |     560 |   0.0 |       0 |      22 |   0.0 |   887
           D:8 |       0 |    1002 |   0.0 |       0 |      17 |   0.0 |   662
           D:9 |       0 |    3453 |   0.0 |       0 |      29 |   0.0 |  1546
          D:10 |       0 |    4112 |   0.0 |       0 |      27 |   0.0 |   813
               +---------+---------+-------+---------+---------+-------+---------

Vault maps used:
D:1:      minmay_arrival_split_and_join, st_stairs_3, bh_walls_and_bars
D:4:      first_bread
D:5:      grunt_temple_overflow_open, kennysheep_generic_room_7, uniq_ijyb,
          uniq_blork_the_orc, uniq_edmund
D:6:      marbit_many_paths, nicolae_dithmenos_through_a_glass_darkly,
          minmay_temple_entry_glassed_door, serial_shops, shop_coins
D:7:      serial_shops, shop
D:9:      ashenzari_altar_1, orc_0_dummy, hangedman_pestilent_swarm, wad_hexagon
D:10:     grunt_lair_entry_orc_guard_hut

Table legend:
 A = Turns spent in this place as a percentage of turns spent in the entire game.
 B = Non-inter-level travel turns spent in this place as a percentage of non-inter-level travel turns spent in the entire game.
 C = Inter-level travel turns spent in this place as a percentage of turns spent in this place.
 D = Turns resting spent in this place as a percentage of non-inter-level travel turns spent in this place.
 E = Turns spent auto-exploring this place as a percentage of non-inter-level travel turns spent in this place.
 F = Non-inter-level travel turns spent in this place divided by the number of levels of this place that you've seen.
                   A       B       C       D       E      F
               +-------+-------+-------+-------+-------+----------------------
         Total | 100.0 | 100.0 |   5.0 |  32.8 |  48.2 | 869.3
       Dungeon | 100.0 | 100.0 |   5.0 |  32.8 |  48.2 | 869.3
               +-------+-------+-------+-------+-------+----------------------

Table legend:
 A = Kills in this place as a percentage of kills in entire the game.
 B = Kills by you in this place as a percentage of kills by you in the entire game.
 C = Kills by friends in this place as a percentage of kills by friends in the entire game.
 D = Other kills in this place as a percentage of other kills in the entire game.
 E = Experience gained in this place as a percentage of experience gained in the entire game.
 F = Experience gained in this place divided by the number of levels of this place that you have seen.
                   A       B       C       D       E      F
               +-------+-------+-------+-------+-------+----------------------
         Total | 100.0 | 100.0 | 100.0 |   N/A | 100.0 | 1090.4
       Dungeon | 100.0 | 100.0 | 100.0 |   N/A | 100.0 | 1090.4
               +-------+-------+-------+-------+-------+----------------------
